[Event "Early-Titled-Tuesday-Blitz-October-24-2023"]
[Site "Chess.com"]
[Date "2023.10.24"]
[Round "9"]
[White "dawid498"]
[Black "venturov"]
[Result "0-1"]
[WhiteElo "2663"]
[BlackElo "2516"]
[TimeControl "180+1"]
[EndTime "9:42:54 PDT"]
[Termination "venturov won on time"]

1. Nf3 Nf6 2. e3 e6 3. c4 b6 4.
b3 Bb7 5. Bb2 c5 6. Be2 Be7 7.
O-O O-O 8. d3 d6 9. Nbd2 Nbd7 10. Rc1 Qc7 11. Rc2 Rac8 12. Qa1 Rfd8 13. a3 Qb8 14. Rfc1 a6 15. b4 Bc6 16. d4 Bf8 17. b5 axb5 18. cxb5 Bb7 19. dxc5 dxc5 20. Nc4 Nd5 21. Nfe5 f6 22. Nxd7 Rxd7 23. Bg4 f5 24.
Bf3 Bd6 25. Nxd6 Qxd6 26. Be5 Qe7 27. e4 fxe4 28. Bxe4 Qg5 29. g3 Rcd8 30. h4 Qg4 31.
f3 Qh5 32. Re1 Rf8 33. g4 Qe8 34. Rce2 Qd8 35. h5 Rdf7 36. Rf2 Qg5 37. Bd6 Qh4 38. Bxf8 Rxf8 39. Qe5 Nf4 40. Ree2 Qg3+ 41. Kf1 Nxe2 42. Kxe2 Qxe5 0-1

[Event "Early-Titled-Tuesday-Blitz-October-24-2023"]
[Site "Chess.com"]
[Date "2023.10.24"]
[Round "9"]
[White "Sjakkerntobi"]
[Black "SashaKuzhilniy"]
[Result "0-1"]
[WhiteElo "2497"]
[BlackElo "2651"]
[TimeControl "180+1"]
[EndTime "9:42:54 PDT"]
[Termination "SashaKuzhilniy won by resignation"]

1. e4 g6 2. d4 Bg7 3. Nc3 d6 4. Be3 a6 5. Qd2 b5 6. a3 Nd7 7. h4 Ngf6 8. f3 c5 9. Nge2 cxd4 10. Nxd4 Bb7 11. O-O-O h5 12. Bd3 Rc8 13. Rhe1 Nb6 14. Bg5 Nc4 15. Bxc4 Rxc4 16. f4 Ng4 17. e5 dxe5 18.
fxe5 Bxe5 19. Nb3 Qxd2+ 20. Rxd2 Rxc3 21. bxc3 O-O 22. Bxe7 Re8 23. Rd8 Rxd8 24. Bxd8 Bxg2 25. Nd4 f6 26. Kd2 Kf7 27. a4 b4 28. Ba5 bxc3+ 29.
Bxc3 g5 30. hxg5 fxg5 31. Rg1 Bd5 32. Ne2 Bh2 33. Rf1+ Kg6 34. Bd4 h4 35. Bg1 Be5 36. Bd4 Bd6 37. Kd3 h3 38. c4 Bg2 39. Rb1 h2 40. c5 Bc7 41. Nc3 h1=Q 42. Rxh1 Bxh1 43. Kc4 Nf6 44. Be3 Kf5 45. Bxg5 Kxg5 46. Na2 Bd5+ 47. Kb4 Bxa2 48. a5 Kf5 49. c6 Bd5 50. Kc5 Ke6 51.
Kb4 Bxc6 52. Kc5 Bb5 53. Kb4 Nd5+ 54. Ka3 Bxa5 55. Kb3 Bc3 56. Ka3 Bb4+ 57. Kb3 a5 58. Ka2 a4 59. Kb2 Bc4 60. Kb1 Bc3 61. Kc2 a3 62.
Kc1 a2 63. Kc2 Ke5 64. Kd1 a1=Q+ 65. Kc2 0-1

[Event "Early-Titled-Tuesday-Blitz-October-24-2023"]
[Site "Chess.com"]
[Date "2023.10.24"]
[Round "9"]
[White "oggy1984"]
[Black "El_Matador12"]
[Result "1-0"]
[WhiteElo "2454"]
[BlackElo "2547"]
[TimeControl "180+1"]
[EndTime "9:42:54 PDT"]
[Termination "oggy1984 won by resignation"]

1. d4 Nf6 2. c4 g6 3. Nc3 d5 4.
Nf3 Bg7 5. Qb3 c6 6. Bf4 O-O 7.
e3 a6 8. cxd5 cxd5 9. Bxb8 Rxb8 10. Bxa6 Qa5 11. Bd3 b5 12. O-O b4 13. Ne2 Ne4 14.
Bxe4 dxe4 15. Nd2 Be6 16. Qc2 f5 17. Nf4 Bf7 18. Nc4 Qa6 19. b3 g5 20. Ne2 Rfc8 21.
Rfc1 e5 22. dxe5 Bxe5 23. Rab1 Qh6 24. Ng3 Be6 25. Qe2 Bc3 26. a4 Rd8 27. Rd1 Qf6 28. Nh5 Qf7 29. g4 fxg4 30. Ng3 h5 31. Nxe4 Qg6 32.
Nxc3 bxc3 33. Rxd8+ Rxd8 34. Rc1 Rd2 35. Nxd2 cxd2 36. Qxd2 Qe4 37. Qd8+ Kf7 38. Qxg5 Bd5 39. Qf4+ Qxf4 40. exf4 Bxb3 41. a5 Bd5 42. a6 Ke6 43. a7 Bf3 1-0

[Event "Early-Titled-Tuesday-Blitz-October-24-2023"]
[Site "Chess.com"]
[Date "2023.10.24"]
[Round "9"]
[White "jaskol95"]
[Black "victormago"]
[Result "1-0"]
[WhiteElo "2559"]
[BlackElo "2420"]
[TimeControl "180+1"]
[EndTime "9:42:55 PDT"]
[Termination "jaskol95 won on time"]

1. e4 c5 2. Nf3 d6 3. Bb5+ Bd7 4. a4 Nf6 5. Nc3 g6 6. O-O Bg7 7. Re1 O-O 8. d3 Bg4 9. h3 Bxf3 10. Qxf3 a6 11. Bc4 Nc6 12. Qd1 e6 13. Bf4 d5 14.
exd5 exd5 15. Ba2 h6 16. Ne2 Qd7 17. c3 Rfe8 18. Qd2 Kh7 19. Ng3 b5 20. Bb3 d4 21.
axb5 axb5 22. Rxa8 Rxa8 23. Ne4 dxc3 24. bxc3 Nxe4 25.
Rxe4 b4 26. cxb4 Nxb4 27. Bc4 f5 28. Re6 Re8 29. Rd6 Qe7 30. Kf1 g5 31. Re6 Qd7 32. Rxe8 Qxe8 33. Be3 Qe7 34. g3 Nc6 35. Qa2 Nd4 36. Qa8 Kg6 37. Qg8 f4 38. gxf4 gxf4 39.
Bxd4 cxd4 40. Qd5 Qh4 41. Qe4+ Kg5 42. Qg2+ Kf6 43. Qc6+ Kg5 44. Qd5+ Kf6 45. Qf7+ 1-0

[Event "Early-Titled-Tuesday-Blitz-October-24-2023"]
[Site "Chess.com"]
[Date "2023.10.24"]
[Round "9"]
[White "ellatambien"]
[Black "scarabee43"]
[Result "0-1"]
[WhiteElo "2617"]
[BlackElo "2797"]
[TimeControl "180+1"]
[EndTime "9:42:56 PDT"]
[Termination "scarabee43 won by checkmate"]

1. c4 e6 2. g3 d5 3. Bg2 Nf6 4. Nf3 Be7 5. O-O O-O 6. d4 Nbd7 7. Qc2 b6 8. cxd5 exd5 9. Nc3 Bb7 10. Bf4 a6 11. Ne5 Re8 12. Rfd1 Bd6 13. Nd3 Nf8 14. e3 h6 15. Bxd6 Qxd6 16. Rac1 Ng6 17. b4 Re7 18. a3 h5 19. h4 Rae8 20. Ne2 Bc8 21. Ndf4 Nxf4 22.
Nxf4 g6 23. Qc6 Rd8 24. Rc3 Ne4 25. Qxd6 Rxd6 26. Nxd5 Rxd5 27. Bxe4 Rxe4 28. Rxc7 Bg4 29. Rdc1 a5 30. Kg2 Rf5 31. R7c6 Bf3+ 32. Kh2 axb4 33.
Rxb6 bxa3 34. Ra6 Be2 35. Ra8+ Kg7 36. Kg1 g5 37. Rxa3 gxh4 38. Rc5 Rxc5 39. dxc5 hxg3 40. fxg3 Rc4 41. Kf2 Bg4 42. Ra5 Rc2+ 43. Kf1 Kf6 44. Kg1 Ke5 45. Kf1 Ke4 46. Ra4+ Kxe3 47. Rf4 Bf3 48. Kg1 Rc1+ 49. Kh2 Rh1# 0-1

[Event "Early-Titled-Tuesday-Blitz-October-24-2023"]
[Site "Chess.com"]
[Date "2023.10.24"]
[Round "9"]
[White "JuniorJumper"]
[Black "JoliyRoger"]
[Result "1-0"]
[WhiteElo "2620"]
[BlackElo "2470"]
[TimeControl "180+1"]
[EndTime "9:42:56 PDT"]
[Termination "JuniorJumper won by resignation"]

1. d4 Nf6 2. c4 e6 3. Nc3 Bb4 4.
Bd2 c5 5. a3 Bxc3 6. Bxc3 cxd4 7. Qxd4 Nc6 8. Qh4 O-O 9. Bxf6 Qxf6 10. Qxf6 gxf6 11. Rd1 b6 12. g3 Rd8 13. Bg2 Bb7 14. Nh3 Rac8 15. O-O Kf8 16. Nf4 Ke7 17.
Nd5+ exd5 18. cxd5 Ba6 19. dxc6 dxc6 20. Rxd8 Rxd8 21. Bxc6 Rd2 22. b4 Bxe2 23. Re1 Rd1 24. Rxd1 Bxd1 25. Kf1 h6 26. Ke1 Bb3 27. Kd2 Kd6 28.
Be8 Ke7 29. Bb5 Kd6 30. Kc3 Be6 31. Bc4 Ke5 32. Bd3 Bd5 33. f4+ Kd6 34. Kd4 Be6 35.
Be4 Bb3 36. h4 Be6 37. Bf3 Bb3 38. Bg4 Bd5 39. Bf5 Bb3 40. g4 Ba2 41. g5 hxg5 42. h5 Ke7 43. h6 Kf8 44. fxg5 fxg5 45. Ke5 Be6 46. Bxe6 fxe6 47. Kf6 Kg8 48. Kxg5 Kf7 49. b5 e5 50. Kf5 e4 51. Kxe4 Kg6 52. Kd5 Kxh6 53.
Kc6 Kg6 54. Kb7 Kf6 55. Kxa7 1-0

[Event "Early-Titled-Tuesday-Blitz-October-24-2023"]
[Site "Chess.com"]
[Date "2023.10.24"]
[Round "9"]
[White "UmarovSabir"]
[Black "zverr1"]
[Result "0-1"]
[WhiteElo "2325"]
[BlackElo "2502"]
[TimeControl "180+1"]
[EndTime "9:42:56 PDT"]
[Termination "zverr1 won on time"]

1. e4 c5 2. Nc3 g6 3. g3 Bg7 4. Bg2 Nc6 5. Nge2 e6 6. d3 d6 7.
h4 h5 8. Bg5 Nge7 9. Qd2 O-O 10. Bh6 Rb8 11. g4 hxg4 12. h5 Ne5 13. Bxg7 Kxg7 14. hxg6 fxg6 15. Qh6+ Kf7 16. Nf4 Ke8 17. O-O-O Ng8 18. Qh8 Qf6 19. Nce2 Qxh8 20. Rxh8 Bd7 21. c3 Rc8 22. Kb1 Ne7 23. Rh7 g5 24. Nh5 Rxf2 25. Rh8+ Rf8 26. Nf6+ Kf7 27. Rh7+ Kxf6 28. Rf1+ Kg6 29.
Rxe7 Rxf1+ 30. Bxf1 Re8 31. Rxe8 Bxe8 32. Kc2 Nf3 33.
Ng3 Bd7 34. Kd1 Nh4 35. Ke2 Kf6 36. Ke3 Ng6 37. d4 Nf4 0-1

[Event "Early-Titled-Tuesday-Blitz-October-24-2023"]
[Site "Chess.com"]
[Date "2023.10.24"]
[Round "9"]
[White "mary-sanna"]
[Black "publicaccountcze"]
[Result "1/2-1/2"]
[WhiteElo "2199"]
[BlackElo "2303"]
[TimeControl "180+1"]
[EndTime "9:42:57 PDT"]
[Termination "Game drawn by repetition"]

1. d4 Nf6 2. c4 c5 3. d5 e6 4. Nc3 exd5 5. cxd5 Bd6 6. e4 O-O 7. Bd3 Re8 8. Nge2 a6 9. a4 Bc7 10. Bg5 d6 11. O-O Nbd7 12. Ng3 Ne5 13. Be2 h6 14. Bd2 Ng6 15. Qc2 Bd7 16. Rfe1 Rb8 17. Nf5 b5 18. axb5 axb5 19. f3 c4 20. Na2 Bb6+ 21.
Kh1 Bxf5 22. exf5 Ne7 23. b3 Nexd5 24. bxc4 bxc4 25. Bxc4 Qd7 26. Qd3 Ne7 27. Bb5 Nc6 28. Rac1 Rxe1+ 29. Rxe1 Bc5 30. Nc3 Qb7 31. Bc4 Qb4 32.
Nb5 Qa4 33. Nxd6 Bxd6 34. Qxd6 Rd8 35. Qf4 Rxd2 36. Qxd2 Qxc4 37. Rc1 Qa4 38. h3 Ne5 39. Qd8+ Kh7 40. Rc8 Qa1+ 41. Kh2 Nxf3+ 42. gxf3 Qe5+ 43. Kg2 Qe2+ 44. Kg1 Qe1+ 45. Kg2 Qe2+ 46. Kg1 Qe1+ 47. Kg2 Qe2+ 1/2-1/2

[Event "Early-Titled-Tuesday-Blitz-October-24-2023"]
[Site "Chess.com"]
[Date "2023.10.24"]
[Round "9"]
[White "Lennis93"]
[Black "Oleksandr_Bortnyk"]
[Result "0-1"]
[WhiteElo "2739"]
[BlackElo "3021"]
[TimeControl "180+1"]
[EndTime "9:42:58 PDT"]
[Termination "Oleksandr_Bortnyk won by resignation"]

1. e4 Nf6 2. e5 Nd5 3. Nf3 d6 4. d4 dxe5 5. Nxe5 c6 6. Be2 Bf5 7. O-O Nd7 8. Nd3 e6 9. c3 Bd6 10. Nd2 O-O 11. Nc4 Bc7 12. a4 Re8 13. f4 h6 14. a5 c5 15. Nxc5 Nxc5 16. dxc5 Qe7 17. Qd4 Red8 18. Qf2 Nf6 19. b4 Rd7 20. Be3 Ne4 21.
Qe1 Qf6 22. Bd4 Rxd4 23. cxd4 Qxd4+ 24. Kh1 Nc3 25. Ne5 Qxb4 26. Bf3 Rb8 27. c6 Qxf4 28. Qxc3 Bxe5 29. g3 Bxc3 30. gxf4 Bxa1 31. cxb7 Bc3 32. a6 Bd3 33. Rc1 Bxa6 34. Rxc3 Bxb7 35. Kg2 Bxf3+ 36.
Kxf3 g6 37. Ra3 Rb7 38. Ra6 Kg7 39. h4 h5 40. Ke4 Kf6 41. Ke3 Kf5 42. Ra5+ Kg4 43.
Rg5+ Kxh4 44. Rg1 Rb3+ 45. Ke4 a5 46. f5 exf5+ 47. Kf4 Rb4+ 48. Ke5 Rg4 49. Kf6 Rxg1 0-1

[Event "Early-Titled-Tuesday-Blitz-October-24-2023"]
[Site "Chess.com"]
[Date "2023.10.24"]
[Round "9"]
[White "deribas12345"]
[Black "FlemingA"]
[Result "1-0"]
[WhiteElo "2580"]
[BlackElo "2441"]
[TimeControl "180+1"]
[EndTime "9:42:58 PDT"]
[Termination "deribas12345 won by checkmate"]

1. d4 e6 2. c4 c5 3. d5 b5 4. e4 exd5 5. cxd5 a6 6. a4 b4 7. Nf3 d6 8. Nbd2 g6 9. Bd3 Bg7 10. O-O Nf6 11. Nc4 O-O 12. a5 Re8 13. Re1 Bg4 14. Bf4 Bf8 15. h3 Bxf3 16. Qxf3 Nh5 17. Bh2 f6 18. g4 Ng7 19. b3 Qc7 20. Qxf6 Be7 21. Qb2 Nd7 22. e5 dxe5 23. Rxe5 Nxe5 24.
Bxe5 Qd7 25. Bxg7 Qxd5 26. Bf1 Bh4 27. Bg2 Qf7 28. Bxa8 Rxa8 29. Re1 Qxg7 30. Qxg7+ Kxg7 31. Re6 Rf8 32. Rxa6 Bxf2+ 33. Kh1 Bd4 34. Ra7+ Kh6 35. h4 Rf3 36. a6 Rxb3 37. Kg2 Rc3 38. Nd6 Rc2+ 39. Kf3 Rc3+ 40. Ke4 g5 41. h5 Re3+ 42. Kd5 Re5+ 43. Kc4 b3 44. Nf7+ Kg7 45. Nxe5+ Kf6 46. Nd3 b2 47. Nxb2 Bxb2 48. Rb7 Ke5 49. a7 Bd4 50.
a8=Q Ke4 51. Rxh7+ Kf4 52. Rf7+ Kxg4 53. Qe4+ Kxh5 54.
Rh7# 1-0

[Event "Early-Titled-Tuesday-Blitz-October-24-2023"]
[Site "Chess.com"]
[Date "2023.10.24"]
[Round "9"]
[White "NikolaGry"]
[Black "SlavenPastar"]
[Result "0-1"]
[WhiteElo "2738"]
[BlackElo "2630"]
[TimeControl "180+1"]
[EndTime "9:42:59 PDT"]
[Termination "SlavenPastar won by resignation"]

1. d4 b6 2. c4 Bb7 3. Nc3 Nf6 4. f3 d5 5. cxd5 Nxd5 6. e4 Nxc3 7. bxc3 e6 8. Be3 Be7 9. c4 O-O 10. Ne2 Bb4+ 11.
Kf2 c5 12. d5 Nd7 13. a3 Ba5 14. Ng3 Ne5 15. f4 Ng6 16. Rc1 Qh4 17. Qf3 f5 18.
exf5 Rxf5 19. Kg1 Rff8 20. f5 Ne7 21. Bf2 exd5 22. Rd1 Rad8 23. Nh5 Qe4 24. Qxe4 dxe4 25. Rxd8 Rxd8 26. f6 gxf6 27. Nxf6+ Kf7 28. Ng4 Bc3 29. h4 h5 30. Ne3 Bd4 31. g4 hxg4 32. Nxg4 Rg8 33.
Bh3 Bc8 34. Kh2 Bxg4 35. Rf1 Bxf2 36. Rxf2+ Bf3 37. h5 Rh8 38. Bg4 Kg7 39. Bxf3 exf3 40.
Rxf3 Rxh5+ 41. Kg3 Rf5 42. Rd3 Kf6 43. Rd7 Re5 44. Rxa7 Re3+ 45. Kf4 Rc3 46. Ra6 Rxc4+ 47. Ke3 Nd5+ 48. Kd3 Rd4+ 49. Kc2 Ke5 50. a4 Nb4+ 0-1

[Event "Early-Titled-Tuesday-Blitz-October-24-2023"]
[Site "Chess.com"]
[Date "2023.10.24"]
[Round "9"]
[White "rocket10jan"]
[Black "matenitian"]
[Result "1-0"]
[WhiteElo "2403"]
[BlackElo "2555"]
[TimeControl "180+1"]
[EndTime "9:42:59 PDT"]
[Termination "rocket10jan won on time"]

1. e4 e5 2. Nf3 Nc6 3. d4 exd4 4. Nxd4 Nf6 5. Nxc6 bxc6 6. Bd3 Bc5 7. O-O d6 8.
h3 h6 9. Qe2 O-O 10. Kh1 Re8 11. Nd2 d5 12. e5 Ng4 13. hxg4 Qh4+ 14. Kg1 Bxg4 15. Nf3 Qh5 16. Bf4 f6 17. Rae1 fxe5 18. Bxe5 Bd6 19. Qd2 Bxe5 20. Nxe5 Rxe5 21. Qc3 Rae8 22.
Rxe5 Qxe5 23. Qxc6 Rf8 24. c4 d4 25. Qe4 Qxe4 26.
Bxe4 c5 27. Rb1 a5 28. a3 Re8 29. f3 Be6 30. b4 axb4 31. axb4 Bxc4 32. bxc5 d3 33. Rd1 Rd8 34. Kf2 Rc8 35. c6 Bb5 36. Ke3 Rc7 37. Bd5+ Kf8 38. Rc1 Ke7 39. Be4 Kd6 40.
Bxd3 Bxd3 41. Kxd3 Rxc6 42. Rxc6+ Kxc6 43. Ke4 Kd6 44. Kf5 Ke7 45. Kg6 Kf8 46. Kh7 Kf7 47.
g4 Kf6 48. f4 Kf7 49. g5 h5 50. f5 h4 51. f6 h3 52. fxg7 h2 53. g8=Q+ Ke7 54.
Qg7+ 1-0

[Event "Early-Titled-Tuesday-Blitz-October-24-2023"]
[Site "Chess.com"]
[Date "2023.10.24"]
[Round "9"]
[White "laiciffOneslraCsungaM"]
[Black "Mystery2007"]
[Result "1/2-1/2"]
[WhiteElo "2335"]
[BlackElo "2441"]
[TimeControl "180+1"]
[EndTime "9:42:59 PDT"]
[Termination "Game drawn - insufficient material"]

1. d4 a6 2. e4 e6 3. Nc3 b5 4. a3 Bb7 5. Bd3 c5 6. Nf3 Nf6 7. Bg5 cxd4 8. Nxd4 Qc7 9. O-O Nc6 10.
Nxc6 Bxc6 11. Re1 Bc5 12. h3 h6 13. Be3 Be7 14. Bd4 d6 15. e5 dxe5 16. Bxe5 Qb7 17. Bxf6 Bxf6 18. Ne4 Be7 19. Qg4 O-O-O 20. Nc3 Bf6 21. a4 Rd4 22. Qg3 b4 23. Ne2 Rd7 24.
Rab1 Rhd8 25. Bc4 h5 26. c3 h4 27. Qg4 Kb8 28. cxb4 Qxb4 29. Bxa6 Qxg4 30. hxg4 Bxa4 31. b4 Bc2 32. Rbc1 Be4 33. Nc3 Bxc3 34. Rxc3 Rd1 35. Re3 Rxe1+ 36. Rxe1 Bd5 37. Be2 Ka7 38. Bf3 Kb6 39.
Bxd5 Rxd5 40. Rc1 f5 41. gxf5 exf5 42. Rc4 g5 43. g3 Kb5 44. Rc5+ Rxc5 45. bxc5 Kxc5 46.
gxh4 gxh4 47. Kh2 Kd4 48. Kh3 Ke4 49. Kxh4 Kf3 50. Kg5 f4 51. Kf5 Kxf2 52. Kxf4 1/2-1/2

[Event "Early-Titled-Tuesday-Blitz-October-24-2023"]
[Site "Chess.com"]
[Date "2023.10.24"]
[Round "9"]
[White "seopie"]
[Black "karinachess1"]
[Result "1-0"]
[WhiteElo "2895"]
[BlackElo "2635"]
[TimeControl "180+1"]
[EndTime "9:43:00 PDT"]
[Termination "seopie won by resignation"]

1. d4 Nf6 2. c4 e6 3. Nf3 d5 4. Nc3 Bb4 5. cxd5 exd5 6. Bf4 c6 7. Qc2 O-O 8. e3 Bd6 9. Bg5 Nbd7 10. Bd3 Be7 11. O-O Re8 12. Rfe1 Nf8 13. h3 g6 14. Bh6 Ne6 15. Ne5 Ng7 16. g4 Bd6 17. f4 c5 18.
Qf2 Bd7 19. Bg5 Bc6 20. Bh4 Be7 21. Bg3 Ne4 22. Bxe4 dxe4 23. Nxc6 bxc6 24. Nxe4 cxd4 25. exd4 Qb6 26. f5 Bb4 27. Re2 Kh8 28. Be5 Rf8 29. Kh1 Rae8 30. Rf1 c5 31. dxc5 Qd8 32. Qd4 Qxd4 33. Bxd4 gxf5 34. gxf5 f6 35. a3 Nh5 36. axb4 Rxe4 37. Rxe4 Ng3+ 38. Kg2 Nxe4 39. Re1 Nd2 40.
Re2 Nb3 41. Bc3 Kg7 42. Re7+ Kh6 43. Kf3 Kg5 44. Ke4 h5 45. c6 Kh4 46. c7 a5 47. bxa5 Nc5+ 48. Kd5 Na6 49. b4 Kxh3 50.
b5 Nxc7+ 51. Rxc7 h4 52. b6 Kg2 53. Rg7+ Kf3 54. Rh7 1-0

[Event "Early-Titled-Tuesday-Blitz-October-24-2023"]
[Site "Chess.com"]
[Date "2023.10.24"]
[Round "9"]
[White "GianmarcoVaR"]
[Black "twofoxniel"]
[Result "0-1"]
[WhiteElo "2724"]
[BlackElo "2607"]
[TimeControl "180+1"]
[EndTime "9:43:01 PDT"]
[Termination "twofoxniel won on time"]

1. e4 d5 2. exd5 Nf6 3. d4 Bg4 4. f3 Bf5 5. c4 e6 6. dxe6 Nc6 7.
exf7+ Kxf7 8. Bd3 Bb4+ 9. Nc3 Re8+ 10. Ne2 Nxd4 11. Bxf5 Nxe2 12. Qxd8 Raxd8 13. Bg5 Nxc3+ 14. Kf2 Bc5+ 15. Kg3 Ne2+ 16. Kh3 Re5 17. g4 g6 18. Bxf6 Kxf6 19. Be4 Nf4+ 20. Kg3 g5 21. h4 Rd2 22. hxg5+ Kxg5 23. Rh2 Rxh2 24. Kxh2 c6 25. Kg3 Re7 26. Rh1 Bd6 27. Kf2 h5 28. gxh5 Nxh5 29. Rg1+ Bg3+ 30. Rxg3+ Nxg3 31. Kxg3 Rf7 32. b4 Kf6 33.
Kf4 Ke6+ 34. Ke3 Ke5 35. a4 Rf6 36. c5 Rf4 37. b5 Rf6 38. a5 a6 39. b6 Rh6 40. f4+ Kf6 41. Bf3 Rh3 42. Ke4 Rh2 43.
Bg4 Rh7 44. Bc8 Re7+ 45. Kf3 Kf7 46. f5 Ke8 0-1

[Event "Early-Titled-Tuesday-Blitz-October-24-2023"]
[Site "Chess.com"]
[Date "2023.10.24"]
[Round "9"]
[White "Arimin1329"]
[Black "GiorgianBarbosa"]
[Result "0-1"]
[WhiteElo "2308"]
[BlackElo "2415"]
[TimeControl "180+1"]
[EndTime "9:43:02 PDT"]
[Termination "GiorgianBarbosa won by checkmate"]

1. Nf3 Nf6 2. d4 e6 3. g3 Be7 4.
Bg2 O-O 5. O-O d5 6. b3 c6 7.
Bb2 a5 8. c4 b6 9. Nfd2 Ba6 10.
Nc3 b5 11. e4 dxc4 12. bxc4 Qxd4 13. cxb5 cxb5 14. e5 Ra7 15. Nf3 Qb4 16. exf6 Bxf6 17. Qc1 Rc7 18. Ba3 Qxc3 19. Bxf8 Kxf8 20. Qf4 Qc4 21. Qe3 Bxa1 22. Rxa1 Qc3 23. Qb6 Qxa1+ 24. Bf1 b4 25. Qxb8+ Rc8 26. Qd6+ Kg8 27. Qxa6 Rf8 28.
Qc4 g6 29. h4 Qc3 30. Qb3 Qxb3 31. axb3 Ra8 32. Bb5 Rc8 33. Nd4 Rc3 34. Ba4 Kg7 35. Kf1 Rc5 36. Ke2 h5 37. Kd3 e5 38.
Nc6 f6 39. Ke4 Kf7 40. f4 exf4 41. gxf4 f5+ 42. Kd4 Rc3 43. Nxa5 Rh3 44. Nc6 Rxh4 45. Nxb4 Rxf4+ 46. Ke5 Rxb4 47. Bc6 Kg7 48. Bd5 h4 49.
Bc4 h3 50. Kf4 h2 51. Kg5 h1=Q 52. Bf7 Qh5# 0-1

[Event "Early-Titled-Tuesday-Blitz-October-24-2023"]
[Site "Chess.com"]
[Date "2023.10.24"]
[Round "9"]
[White "OparinGrigoriy"]
[Black "Legendinunknown"]
[Result "1-0"]
[WhiteElo "2983"]
[BlackElo "2809"]
[TimeControl "180+1"]
[EndTime "9:43:05 PDT"]
[Termination "OparinGrigoriy won on time"]

1. d4 Nf6 2. Nc3 d5 3. Bg5 Nbd7 4. e3 e6 5. Nf3 a6 6. Bd3 c5 7. O-O Be7 8. Re1 O-O 9. e4 c4 10. Bf1 b5 11. e5 Ne8 12. Bxe7 Qxe7 13. Ne2 Nc7 14.
Nf4 Bb7 15. h4 f6 16. g3 f5 17. Ng5 Qe8 18. h5 Qe7 19. Ngh3 Rfe8 20. Qd2 Nf8 21. Ng2 g6 22. h6 b4 23. Nh4 a5 24. Qe3 Ba6 25. c3 Rab8 26. Nf3 Nb5 27. Be2 bxc3 28. bxc3 Qa3 29. Rec1 Re7 30. Bd1 Reb7 31. Nfg5 Rb6 32. Qd2 Nc7 33. Rc2 Bc8 34. Kg2 Bd7 35. g4 Ba4 36. Rcc1 Rb2 37. Qe3 Bxd1 38. Rxd1 fxg4 39. Ng1 Nd7 40. Ne2 Rf8 41. Rd2 Nb6 42. Rad1 Qxa2 43. Nf4 Re8 44. Nxg6 Rxd2 45. Rxd2 Qb1 46. Nh4 Rf8 47. Qg3 Kh8 48. Qxg4 Na4 49. Qg3 Nb6 50. Re2 a4 51. Re3 Qb5 52. Rf3 Qe8 53. Rf6 1-0

[Event "Early-Titled-Tuesday-Blitz-October-24-2023"]
[Site "Chess.com"]
[Date "2023.10.24"]
[Round "9"]
[White "WPWPWP-2015"]
[Black "dapsay"]
[Result "1-0"]
[WhiteElo "2552"]
[BlackElo "2415"]
[TimeControl "180+1"]
[EndTime "9:43:05 PDT"]
[Termination "WPWPWP-2015 won by resignation"]

1. e4 c5 2. Nf3 e6 3. d4 cxd4 4.
Nxd4 a6 5. Bd3 Bc5 6. Nb3 Ba7 7. O-O Nf6 8. N1d2 O-O 9. a4 Nc6 10. Kh1 d5 11. Qe2 e5 12. exd5 Qxd5 13. Ne4 Nxe4 14. Bxe4 Qe6 15. Rd1 Nd4 16. Nxd4 Bxd4 17. c3 Bc5 18.
Rd5 Be7 19. Rxe5 Qxe5 20. Bxh7+ Kxh7 21. Qxe5 Bf6 22. Qh5+ Kg8 23. Bg5 g6 24. Qh4 Bg7 25. Re1 Be6 26. Bf6 Rac8 27. Bxg7 Kxg7 28. Qe7 Rfe8 29.
Qb4 Rb8 30. Qd4+ Kg8 31. h3 b5 32. a5 Rec8 33. Qf4 Rb7 34. Rd1 Rbc7 35. Rd6 Rc4 36. Qd2 Ra8 37. Kh2 Rcc8 38. Qd4 Bc4 39. h4 Be6 40. Qe4 Bf5 41. Qf3 Ra7 42. h5 Rac7 43.
Rxa6 Rc4 44. Ra8 Rh4+ 45. Kg1 Rxh5 46. Rxc8+ Bxc8 47. a6 Bxa6 48. Qa8+ Kg7 49. Qxa6 Rf5 50. Qd6 Kh6 51. Qd4 f6 52. g4 Re5 53. Kg2 g5 54.
Qd8 Kg6 55. Qg8+ Kh6 56. b3 Re2 57. Qd5 Re6 58. Qxe6 1-0

[Event "Early-Titled-Tuesday-Blitz-October-24-2023"]
[Site "Chess.com"]
[Date "2023.10.24"]
[Round "9"]
[White "RETURNOFTHELAGGER"]
[Black "HeroRubiksCube"]
[Result "1-0"]
[WhiteElo "2677"]
[BlackElo "2558"]
[TimeControl "180+1"]
[EndTime "9:43:07 PDT"]
[Termination "RETURNOFTHELAGGER won by checkmate"]

1. e4 d5 2. exd5 Nf6 3. c4 c6 4. dxc6 Nxc6 5. d3 e5 6. Nc3 Bc5 7. Nf3 Bg4 8. Be2 O-O 9. O-O Re8 10. Be3 Bd4 11. h3 Bf5 12. Rc1 Qd7 13. Bg5 Bxh3 14.
gxh3 Qxh3 15. Bxf6 gxf6 16. Nh2 Kh8 17. Bg4 Rg8 18.
Kh1 Qh4 19. Ne4 Ne7 20. Ng3 Rg5 21. Qf3 e4 22. Nxe4 Be5 23. Bh3 f5 24. Nxg5 Qxg5 25.
Rg1 Qh4 26. Rce1 Bd6 27. Rxe7 Bxe7 28. Qxb7 Rd8 29. Qg2 Bf6 30. b3 Qh6 31. Bxf5 Be5 32. Be4 f5 33. Bxf5 Rf8 34. Be4 Qh4 35. Bd5 h6 36. c5 Rd8 37. c6 Rc8 38. b4 Qxb4 39.
Nf3 Qf4 40. Nxe5 Qxe5 41. Be4 Rf8 42. Qg3 Qd4 43. Rg2 Qa1+ 44. Kh2 Qf6 45. c7 a5 46. Bb7 h5 47. c8=Q Rxc8 48. Bxc8 h4 49. Qg8# 1-0

[Event "Early-Titled-Tuesday-Blitz-October-24-2023"]
[Site "Chess.com"]
[Date "2023.10.24"]
[Round "9"]
[White "DTChess"]
[Black "Mistango"]
[Result "1/2-1/2"]
[WhiteElo "2660"]
[BlackElo "2511"]
[TimeControl "180+1"]
[EndTime "9:43:07 PDT"]
[Termination "Game drawn by repetition"]

1. e4 e5 2. Nf3 f5 3. Nxe5 Qf6 4. d4 d6 5. Nc4 fxe4 6. Ne3 Qg6 7. Be2 Nf6 8. c4 Nc6 9. a3 Be7 10. Nc3 O-O 11.
b4 Bd7 12. Bb2 Bd8 13. g4 a5 14. b5 Ne7 15. h4 h5 16. gxh5 Qh7 17. Rg1 c6 18. a4 Nf5 19. Nxf5 Bxf5 20. Bc1 Kh8 21. Be3 Be7 22. h6 gxh6 23. Qd2 Ng8 24. O-O-O Rad8 25. Rg2 d5 26. Kb2 Be6 27. c5 Rf6 28. Rdg1 Rdf8 29.
h5 Bf5 30. Bf4 Re6 31. Nd1 Bf6 32. Ne3 Re7 33. Bd6 Ref7 34. Bxf8 Rxf8 35. b6 Bg5 36. Rxg5 hxg5 37. Rxg5 Nh6 38. Qxa5 Bc8 39. Qa8 Qf7 40. Rg2 Rg8 41. Rxg8+ Qxg8 42. Qb8 Qf8 43. Qe5+ Kh7 44. a5 Qxf2 45. Qc7+ Nf7 46. Qxc8 Qxe2+ 47. Nc2 e3 48. Qxb7 Qb5+ 49. Kc1 Qf1+ 50. Kb2 Qb5+ 51. Ka2 Qc4+ 52. Kb2 Qb5+ 1/2-1/2

[Event "Early-Titled-Tuesday-Blitz-October-24-2023"]
[Site "Chess.com"]
[Date "2023.10.24"]
[Round "9"]
[White "carokannlover213"]
[Black "gau248"]
[Result "1-0"]
[WhiteElo "2747"]
[BlackElo "2595"]
[TimeControl "180+1"]
[EndTime "9:43:08 PDT"]
[Termination "carokannlover213 won by resignation"]

1. e4 e5 2. Nf3 Nc6 3. Bb5 Nf6 4. O-O Nxe4 5. Re1 Nd6 6. Nxe5 Nxe5 7. Rxe5+ Be7 8.
Bf1 O-O 9. d4 Bf6 10. Re1 Nf5 11. c3 d5 12. Bf4 c6 13. Bd3 g6 14. Nd2 Ng7 15. h3 Bf5 16. Qf3 Bxd3 17. Qxd3 Qd7 18. Nf3 Rfe8 19. a4 a5 20. Be5 Bxe5 21.
dxe5 c5 22. Red1 Rad8 23. Qe3 b6 24. Qh6 Nf5 25. Qf4 Ng7 26. g4 h5 27. Kg2 Qe7 28. Qh6 Ne6 29. gxh5 g5 30. Rg1 Qf8 31. Qxf8+ Kxf8 32. Kh2 d4 33. cxd4 Nxd4 34. Nxd4 Rxd4 35. Rxg5 Rd2 36.
Kg3 Rxb2 37. h6 Ke7 38. Rd1 Rh8 39. Rd6 c4 40. Rc6 c3 41. Rxc3 Rxh6 42. f4 Re6 43. Rf5 Rg6+ 44. Kf3 Rgg2 45. Rc7+ Ke8 46. Rc8+ Ke7 47.
Rc7+ Ke8 48. Rfxf7 Rbe2 49. Rh7 Rgf2+ 50. Kg4 Rg2+ 51.
Kf5 Kd8 52. Ra7 1-0

[Event "Early-Titled-Tuesday-Blitz-October-24-2023"]
[Site "Chess.com"]
[Date "2023.10.24"]
[Round "9"]
[White "fen_fire"]
[Black "Chessmissile07"]
[Result "0-1"]
[WhiteElo "2541"]
[BlackElo "2888"]
[TimeControl "180+1"]
[EndTime "9:43:09 PDT"]
[Termination "Chessmissile07 won on time"]

1. d4 g6 2. Nf3 Bg7 3. Nc3 a6 4.
a4 d6 5. a5 Nf6 6. e4 O-O 7.
Be2 Bg4 8. O-O Nc6 9. Be3 e5 10. d5 Bxf3 11. Bxf3 Nd4 12. Bxd4 exd4 13. Qxd4 Nd7 14.
Qb4 Rb8 15. Be2 Re8 16. Rfe1 Nc5 17. Bf1 Qd7 18. Na4 Nxa4 19. Qxa4 Qxa4 20. Rxa4 Bxb2 21. Rc4 Ba3 22. Rxc7 Bb4 23. Rb1 Rxe4 24. Rc4 Rxc4 25. Bxc4 Bxa5 26. Bxa6 b6 27. Bb5 Rc8 28. Bc6 Rc7 29.
Kf1 Re7 30. f3 Kg7 31. Kf2 g5 32. Rb3 Bd2 33. Rd3 Bc1 34. Rd1 Be3+ 35. Kf1 Bf4 36.
g3 Be5 37. Rb1 Bd4 38. c3 Bxc3 39. Rxb6 Re3 40. Rb3 Rxf3+ 41. Ke2 g4 42. Bd7 h5 43. Bb5 Kf6 44. Be8 Ke5 45. Bxf7 Rxf7 46. Rxc3 Kxd5 47. Ra3 Rf5 48. Ra4 Ke5 49. Ra8 d5 50. Ra4 Rf7 51.
Ra8 Rb7 52. Ra2 Ke4 53. Rc2 d4 54. Ra2 Rb5 55. Rd2 Rb1 56. Ra2 Rh1 0-1